 Dungeon Crawl Stone Soup version 0.27-a0-972-gd1521fd518 (webtiles) character file.

Game seed: 6130462526521361867

4285 robertstho the Covert (level 10, -6/111 HPs)
             Began as an Octopode Berserker on Apr 13, 2021.
             Was a High Priest of Trog.
             Mangled by a centaur warrior
             ... wielding a +0 dagger
              (18 damage)
             ... on level 9 of the Dungeon.
             The game lasted 00:11:00 (10389 turns).

robertstho the Covert (Octopode Berserker)         Turns: 10389, Time: 00:11:01

Health: -6/111     AC:  1    Str: 17    XL:     10   Next: 32%
Magic:  10/10      EV: 16    Int: 10    God:    Trog [*****.]
Gold:   788        SH:  4    Dex: 20    Spells: 9/9 levels left

rFire    . . .     SeeInvis .   q - +1 dagger (venom)
rCold    . . .     Faith    .   D - +0 buckler
rNeg     . . .     Spirit   .   (helmet restricted)
rPois    .         Reflect  .   (no amulet)
rElec    .         Harm     .   u - +6 ring of dexterity
rCorr    .         Rampage  .   (no ring)
Will     .....                  (no ring)
Stlth    ..........             (no ring)
HPRegen  0.28/turn              (no ring)
MPRegen  0.12/turn              (no ring)
                                (no ring)
                                (no ring)

@: berserking, very quick
A: almost no armour, amphibious, 8 rings, camouflage 1, gelatinous body 1,
(nimble swimmer 1), tentacles
a: Renounce Religion, Berserk, Trog's Hand, Brothers in Arms


You were on level 9 of the Dungeon.
You worshipped Trog.
Trog was extremely pleased with you.
You visited 1 branch of the dungeon, and saw 9 of its levels.
You also visited: Bailey.

You collected 788 gold pieces.

Inventory:

Hand Weapons
 a - a +0 falchion
 d - a +0 dagger of draining
 q - a +1 dagger of venom (weapon)
 y - a +0 long sword
 z - a +4 falchion
Missiles
 r - 4 throwing nets
Armour
 D - a +0 buckler (worn)
Jewellery
 u - a +6 ring of dexterity (left tentacle)
Wands
 j - a wand of paralysis (5)
 l - a wand of mindburst (19)
 s - a wand of flame (40)
 C - a wand of polymorph (5)
Scrolls
 b - 3 scrolls of teleportation
 c - a scroll of blinking
 k - a scroll of fog {unknown}
 p - 3 scrolls of noise {unknown}
 t - a scroll of enchant armour {unknown}
 v - 2 scrolls of fear
 w - a scroll of vulnerability {unknown}
 x - a scroll of brand weapon {unknown}
 B - a scroll of enchant weapon {unknown}
Potions
 e - a potion of lignification {unknown}
 f - 3 potions of heal wounds
 g - 2 potions of berserk rage {unknown}
 h - 4 potions of curing {unknown}
 i - 4 potions of flight
 m - a potion of degeneration {unknown}
 n - 2 potions of mutation {unknown}
 o - 3 potions of attraction {unknown}
 A - a potion of brilliance {unknown}


   Skills:
 * Level 9.1 Fighting
 + Level 6.5(7.0) Short Blades
 + Level 3.6(5.5) Long Blades
 + Level 5.8 Dodging
 * Level 11.5 Stealth
 + Level 0.9 Shields


You had 9 spell levels left.
You didn't know any spells.
Your spell library was empty.

Dungeon Overview and Level Annotations

Branches:
Dungeon (9/15)             Temple (0/1) D:5             Orc (0/2) D:9
 Bailey (visited)
   Lair: D:8-11

Altars:
Ashenzari
Gozag
Okawaru
Ru
Yredelemnul

Shops:
D:9 (


Innate Abilities, Weirdness & Mutations

You cannot wear most types of armour.
You are amphibious.
You can wear up to eight rings at the same time.
Your skin changes colour to match your surroundings (Stealth+).
Your rubbery body absorbs attacks. (AC +1, EV +1)
((You are camouflaged near water. (Stealth+)))
You have tentacles for arms and can constrict up to eight enemies at once.


Message History

The centaur warrior is moderately wounded.
You block the centaur warrior's attack.
The centaur warrior completely misses you.
You hit the centaur warrior but do no damage.
The centaur warrior looks as sick as possible!
The centaur warrior is moderately wounded.
The centaur warrior closely misses you. The centaur warrior kicks you.
You block the centaur warrior's attack. The centaur warrior kicks you.
The centaur shouts!
You hit the centaur warrior but do no damage.
The centaur warrior is moderately wounded.
The centaur wields a +0 shortbow.
The centaur shoots an arrow.
The arrow hits you!
The centaur warrior hits you with a +0 dagger!
The centaur warrior kicks you.
A red film seems to cover your vision as you go berserk!
You feel yourself moving faster!
You feel mighty!
The centaur shoots an arrow.
The arrow closely misses you.
The centaur warrior hits you with a +0 dagger.
The centaur warrior kicks you.
You hit the centaur warrior.
The centaur warrior looks as sick as possible!
You squeeze the centaur warrior!
The centaur warrior is heavily wounded.
The centaur shoots an arrow.
The arrow hits you!
* * * LOW HITPOINT WARNING * * *
The centaur warrior barely misses you. The centaur warrior kicks you.
* * * LOW HITPOINT WARNING * * *
The centaur unwields a +0 shortbow.
The centaur misses you. The centaur kicks you.
* * * LOW HITPOINT WARNING * * *
The centaur warrior hits you with a +0 dagger!
* * * LOW HITPOINT WARNING * * *
The centaur warrior misses you.
You puncture the centaur warrior!
The centaur warrior looks as sick as possible!
Your squeeze misses the centaur warrior.
The centaur warrior is almost dead.
The centaur warrior hits you with a +0 dagger!!
You die...

****,* #........#******# *,*
#......#** # *.########## #......#
# *..........###......# #
*###.......##..###..##########
#.......#.(#...........[.))
#.>..))..........####.#####
####..)...c##.##..###.(##..
#)##.##@#...#...##......
###)#...#c........###.....
##.........#...#!...##.....
#..#.#........##.....###... #
##....##.#.##..........##... ##
###..........##.#.##.....#####
.###..รท##...##.....o..#.......##8
.....#......#...#...........#..##
.........#........#...#.....#<$#.


You could see a centaur warrior (extremely poisoned) and a centaur.

Vanquished Creatures
  A wraith (D:9)
  4 yaks
  A steam dragon (D:8)
  Menkaure (D:7)
  A water moccasin (D:7)
  Duvessa (D:7)
  5 orc warriors
  2 ice beasts (D:6)
  2 sky beasts
  2 necrophages (D:5)
  A black bear (D:6)
  A hornet zombie (D:7)
  A centaur (D:5)
  3 ogres
  2 kobold brigands
  A water moccasin zombie (D:5)
  A wyvern zombie (D:8)
  6 bullfrogs
  A scorpion (D:4)
  Dowan (D:7)
  3 wights (D:8)
  A centaur zombie (D:6)
  A jelly (D:4)
  2 gnoll shamans
  2 hounds
  A centaur skeleton (D:6)
  2 iguanas (D:6)
  5 orc wizards
  2 howler monkey zombies
  14 gnolls
  3 adders
  A shadow imp (D:7)
  A white imp (D:7)
  An ufetubus (D:4)
  A worm (D:2)
  2 dart slugs
  34 orcs
  3 endoplasms
  A giant cockroach (D:4)
  10 hobgoblins
  26 kobolds
  3 quokkas
  7 ball pythons
  4 bats
  3 frilled lizards
  8 goblins
  2 rats (D:1)
181 creatures vanquished.

Notes
Turn   | Place    | Note
-------+----------+-------------------------------------------
     0 | D:1      | robertstho the Octopode Berserker began the quest for the
                  | Orb.
     0 | D:1      | Reached XP level 1. HP: 16/16 MP: 1/1
   281 | D:1      | Reached XP level 2. HP: 11/21 MP: 2/2
   443 | D:1      | Found a faded altar of an unknown god.
   990 | D:2      | Reached skill level 1 in Stealth
  1026 | D:2      | Reached XP level 3. HP: 25/26 MP: 3/3
  1031 | D:2      | Reached skill level 2 in Stealth
  1335 | D:2      | Reached XP level 4. HP: 33/33 MP: 4/4
  1629 | D:2      | Reached ** piety under Trog
  2813 | D:4      | Reached skill level 3 in Stealth
  2892 | D:4      | Reached XP level 5. HP: 21/37 MP: 5/5
  3045 | D:4      | Reached skill level 1 in Short Blades
  3500 | D:4      | Noticed an ogre
  3509 | D:4      | Killed an ogre
  3510 | D:4      | Reached skill level 4 in Stealth
  3510 | D:4      | Reached XP level 6. HP: 32/44 MP: 6/6
  3810 | D:4      | Reached skill level 5 in Stealth
  4680 | D:5      | Entered Level 5 of the Dungeon
  4900 | D:5      | Found a staircase to the Ecumenical Temple.
  4918 | D:5      | Reached XP level 7. HP: 19/49 MP: 7/7
  5159 | D:5      | Reached skill level 5 in Fighting
  5159 | D:5      | Reached skill level 6 in Stealth
  5519 | D:5      | Found a basalt altar of Yredelemnul.
  5525 | D:5      | Reached skill level 7 in Stealth
  5531 | D:5      | Reached XP level 8. HP: 49/57 MP: 8/8
  6224 | D:6      | Reached *** piety under Trog
  6327 | D:6      | Reached skill level 8 in Stealth
  6901 | D:7      | Reached XP level 9. HP: 50/64 MP: 9/9
  7039 | D:7      | Reached skill level 5 in Short Blades
  7039 | D:7      | Reached skill level 9 in Stealth
  7414 | D:7      | Noticed Menkaure
  7422 | D:7      | Killed Menkaure
  7616 | D:7      | Noticed Duvessa
  7618 | D:7      | Noticed Dowan
  7628 | D:7      | Killed Duvessa
  7629 | D:7      | Reached skill level 5 in Dodging
  7635 | D:7      | Killed Dowan
  7819 | D:7      | Reached skill level 10 in Stealth
  8683 | D:8      | Found an iron altar of Okawaru.
  8697 | D:8      | Found a sacrificial altar of Ru.
  8700 | D:8      | Found a broken altar of Ashenzari.
  8712 | D:8      | Found an opulent altar of Gozag.
  9008 | D:9      | Found Zumudgho's Weapon Shop.
  9050 | D:9      | Reached XP level 10. HP: 73/73 MP: 10/10
  9052 | D:9      | Reached **** piety under Trog
  9059 | D:9      | Reached skill level 11 in Stealth
  9091 | D:9      | Found a flagged portal.
  9097 | D:9      | Noticed a centaur warrior
  9100 | Bailey   | Entered a bailey
  9892 | Bailey   | Identified the +0 pair of gloves of the Sun {rElec rF+
                  | Dex+2}
  9918 | D:9      | Found a staircase to the Orcish Mines.
  9981 | D:9      | Reached ***** piety under Trog
 10389 | D:9      | Mangled by a centaur warrior

Illustrated notes

Levels and vault maps discovered:
D:1:      evilmike_arrival_hilbert_curve, layout_loops_corners,
          shapermc_ecumenical_altar_venn
D:2:      layout_loops_ring
D:3:      layout_basic
D:4:      layout_basic, minmay_splitting_lines, hangedman_decor_slide_cut
D:5:      layout_basic, nicolae_overflow_hidden_temple,
          minmay_temple_entry_ruins, chequers_serial_rivers_micro_d,
          minmay_holes, grunt_decor_one_mirror
D:6:      layout_gridville, kennysheep_generic_room_7
D:7:      layout_basic, minmay_fountain_box, uniq_duvessa, uniq_menkaure
D:8:      layout_cave_pods, grunt_temple_overflow_cloverleaf, serial_park,
          serial_park_tiny_pond, chequers_serial_rivers_micro_a
D:9:      layout_rooms, hiddenorc1_lemuel, gammafunk_ghost_grave, serial_shops,
          nicolae_shop_statue_plus, enter_bailey_8,
          hangedman_decor_clover_reticule, skrybe_limestone_x, st_stairs_5,
          grunt_ministairs_1

Skill      XL: |  1  2  3  4  5  6  7  8  9 10 |
---------------+-------------------------------+-----
Stealth        | 1 2 3 4 5 7 8 10 11 | 11.5
Fighting       | 4 5 7 8 9 |  9.1
Short Blades   | 1 2 3 4 6 |  6.5
Dodging        | 4 5 |  5.8
Long Blades    | |  3.6
Shields        | |  0.9

Action                   |  1- 3 |  4- 6 |  7- 9 | 10-12 || total
-------------------------+-------+-------+-------+-------++-------
Melee: Falchion          |    19 |       |       |       ||    19
       Tentacles         |     8 |    30 |    57 |    42 ||   137
       Constrict         |     8 |    28 |    36 |    29 ||   101
       Dagger            |    15 |    98 |   194 |   124 ||   431
Invok: Berserk           |     1 |     4 |    14 |     5 ||    24
       Trog's Hand       |       |       |     2 |       ||     2
  Use: Scroll            |       |     8 |     1 |       ||     9
 Stab: Sleeping          |     4 |     5 |     6 |       ||    15
       Distracted        |       |       |     2 |     1 ||     3
Armor: Skin              |       |     5 |    10 |     2 ||    17
Dodge: Dodged            |    18 |    44 |    89 |    56 ||   207
Block: Buckler           |       |       |     7 |    18 ||    25
       Rpst.: Falchion   |     6 |       |       |       ||     6

Table legend: (Time is in decaauts)
 A = Elapsed time spent in this place.
 B = Non-inter-level travel time spent in this place.
 C = Inter-level travel time spent in this place.
 D = Time resting spent in this place.
 E = Time spent auto-exploring this place.
 F = Levels seen in this place.
 G = Mean time per level.
                   A        B        C        D        E       F      G
               +--------+--------+--------+--------+--------+-----+--------+
         Total |  10516 |   9961 |    555 |   1850 |   6758 |  10 | 1051.6 |
       Dungeon |   9711 |   9156 |    555 |   1470 |   6573 |   9 | 1079.0 |
        Bailey |    804 |    804 |      0 |    380 |    185 |   1 |  804.0 |
               +--------+--------+--------+--------+--------+-----+--------+

Top non-repeatable levels by time:
     D:3: 1703 daAuts
     D:7: 1520 daAuts
     D:4: 1386 daAuts
     D:1: 1149 daAuts
     D:5: 1078 daAuts
  Bailey: 804 daAuts
     D:2: 762 daAuts
     D:8: 751 daAuts
     D:6: 740 daAuts
     D:9: 619 daAuts
